 Dungeon Crawl Stone Soup version 0.31-a0-234-gad7ace16ef (webtiles) character file.

Game seed: 7032468009594013039

28 qw the Shooter (level 3, -2/21 HPs)
             Began as a Gargoyle Hexslinger on July 9, 2023.
             Slain by Terence
             ... wielding the +7 Throatcutter {drain, coup de grace}
              (7 damage)
             ... on level 2 of the Dungeon.
             The game lasted 00:00:21 (881 turns).

qw the Shooter (Gargoyle Hexslinger)                 Turns: 881, Time: 00:00:21

Health: -2/21      AC:  9    Str: 11    XL:     3   Next: 14%
Magic:  4/4        EV: 10    Int: 13    God:
Gold:   129        SH:  0    Dex: 14    Spells: 3/4 levels left

rFire   + . .        b - +0 arbalest
rCold   . . .        (shield currently unavailable)
rNeg    + . .        e - +0 ring mail
rPois   inf          d - +0 helmet
rElec   +            (no cloak)
rCorr   .            (no gloves)
SInv    .            (no boots)
Will    .....        (no amulet)
Stlth   +            i - ring of protection from fire
HPRegen 0.23/turn    (no ring)
MPRegen 0.09/turn

%: no passive effects
@: no status effects
A: sickness immunity, AC +3, negative energy resistance 1, electricity
resistance, torment resistance 1, petrification resistance
a: no special abilities


You were on level 2 of the Dungeon.
You visited 1 branch of the dungeon, and saw 2 of its levels.

You collected 129 gold pieces.


Innate Abilities, Weirdness & Mutations

You are immune to sickness and miasma.
Your stone body is resilient. (AC +3)
You are immune to poison.
You resist negative energy. (rN+)
You are resistant to electric shocks. (rElec)
You are resistant to unholy torment.
You are immune to petrification.


   Skills:
 - Level 2.0 Fighting
 - Level 3.0 Ranged Weapons
 + Level 0.5 Armour
 - Level 1.5 Dodging
 - Level 1.0 Spellcasting
 - Level 2.6 Hexes


You had 3 spell levels left.
You knew the following spells:

 Your Spells              Type           Power      Damage    Failure   Level
a - Slow                  Hex            28%        N/A       22%         1

Your spell library contained the following spells:

 Spells                   Type           Power      Damage    Failure   Level
 Inner Flame              Hex/Fire       4%         N/A       75%         3
 Portal Projectile        Hex/Tloc       8%         N/A       75%         3
 Cause Fear               Hex            3%         N/A       92%         4

Inventory:

Hand Weapons
 b - a +0 arbalest (weapon)
Armour
 d - a +0 helmet (worn)
 e - a +0 ring mail (worn)
Jewellery
 i - a ring of protection from fire (left hand)
Potions
 a - a potion of heal wounds {unknown}
 g - a potion of brilliance {unknown}
 j - 2 potions of attraction {unknown}

Dungeon Overview and Level Annotations

Branches:
Dungeon (2/15)

Altars:

Annotations:
D:2 Terence


Message History

Found a short sword.
Found a plate armour.
Found a sling.
Enter note: You see here a +0 sling.
A goblin comes into view. It is wielding a +0 club.
The goblin unwields a +0 club.
The goblin wields a +0 sling.
The goblin shoots a sling bullet.
The sling bullet barely misses you.
Enter note: You shoot a sling bullet.
The sling bullet hits the goblin!
You kill the goblin!
a - a brown potion
Enter note:
Things that are here:
a +0 sling; a +0 club You now have 129 gold pieces (gained 6).
b - a +0 arbalest
Found a stone staircase leading up.
Enter note:
Enter note:
853 ||| SWAPPING to +0 arbalest.
b - a +0 arbalest (weapon)
854 ||| DROPPING +1 sling.
You drop a +1 sling.
Terence the Incautious comes into view.
He is wielding the +7 Throatcutter {drain, coup de grace}.
Terence shouts!
Enter note:
Enter note: You shoot a bolt.
The bolt hits Terence!
Terence is heavily wounded.
Terence says, "Don't bother to defend, it's useless."
Terence barely misses you.
You shoot a bolt. The bolt hits Terence.
Terence is severely wounded.
Terence hits you with the +7 Throatcutter {drain, coup de grace}.
Terence barely misses you.
You shoot a bolt. The bolt barely misses Terence.
Terence hits you with the +7 Throatcutter {drain, coup de grace}!
Terence says, "Don't bother to defend, it's useless."
Terence hits you with the +7 Throatcutter {drain, coup de grace}!
You die...

#.
#################.
#...............#.
#.#############...
#.# #### #.# #.#
#.# #@# #..@.#
######


You could see Terence.

Vanquished Creatures
  A worm (D:2)
  3 endoplasms
  A giant cockroach (D:1)
  5 goblins
  A hobgoblin (D:1)
  A kobold (D:1)
  A quokka (D:1)
  A ball python (D:1)
  5 bats (D:1)
  4 rats
23 creatures vanquished.

Notes
Turn   | Place    | Note
-------+----------+-------------------------------------------
     0 | D:1      | qw the Gargoyle Hexslinger began the quest for the Orb.
     0 | D:1      | Reached XP level 1. HP: 12/12 MP: 2/2
     0 | D:1      | 0 ||| qw: Version: 0.3-a-51-g015441d
     0 | D:1      | 0 ||| qw: Game counter: 4184
     0 | D:1      | 0 ||| qw: Melee chars always use a shield: true
     0 | D:1      | 0 ||| qw: God list: Okawaru
     0 | D:1      | 0 ||| qw: Allow faded altars: false
     0 | D:1      | 0 ||| qw: Do Orc after clearing Dungeon:15 true
     0 | D:1      | 0 ||| qw: Do second Lair branch before Depths: true
     0 | D:1      | 0 ||| qw: Lair rune preference: random
     0 | D:1      | 0 ||| qw: Goals: Normal
     0 | D:1      | 0 ||| PLANNING D:1-11
     9 | D:1      | Found a faded altar of an unknown god.
   331 | D:1      | Reached XP level 2. HP: 16/16 MP: 3/3
   443 | D:1      | Reached skill level 3 in Ranged Weapons
   610 | D:1      | 610 ||| UPGRADING to +0 helmet.
   615 | D:1      | 615 ||| UPGRADING to +0 ring mail.
   625 | D:1      | 625 ||| DROPPING +0 robe.
   626 | D:1      | 626 ||| UPGRADING to ring of protection from fire.
   627 | D:1      | 627 ||| READING scroll labelled QEMOPTO VOUNE.
   628 | D:1      | 628 ||| READING scroll labelled MYTUIKK BIHASA.
   629 | D:1      | 629 ||| DROPPING scroll of poison.
   664 | D:2      | Reached XP level 3. HP: 21/21 MP: 4/4
   853 | D:2      | 853 ||| SWAPPING to +0 arbalest.
   854 | D:2      | 854 ||| DROPPING +1 sling.
   878 | D:2      | Noticed Terence
   881 | D:2      | HP: 5/21 [Terence/the +7 Throatcutter {drain, coup de
                  | grace} (10)]
   881 | D:2      | Slain by Terence

Levels and vault maps discovered:
D:1:      saegor_arrival_simple_c, layout_loops_cross,
          chequers_ecumenical_altar_simple_redux
D:2:      layout_loops_ring, uniq_terence

Skill      XL: |  1  2 |
---------------+-------+-----
Ranged Weapons | 3 |  3.0
Fighting       | 2 |  2.0
Armour         | |  0.5
Dodging        | |  1.5
Spellcasting   | |  1.0
Hexes          | |  2.6

Action                     || total
---------------------------++-------
   Fire: Sling             ||    76
         Arbalest          ||     3
    Use: Scroll            ||     2
 Armour: Robe              ||    13
  Dodge: Dodged            ||    28

Table legend:
 A = Non-vault XP
 B = Vault XP
 C = Vault XP percentage of total XP
 D = Non-vault monster count
 E = Vault monster count
 F = Vault count percentage of total count
                 A         B        C        D         E       F
            +---------+---------+-------+---------+---------+-------
      Total |      41 |       0 |   0.0 |      23 |       0 |   0.0
            +---------+---------+-------+---------+---------+-------
        D:1 |      29 |       0 |   0.0 |      17 |       0 |   0.0
        D:2 |      12 |       0 |   0.0 |       6 |       0 |   0.0
            +---------+---------+-------+---------+---------+-------
